 Dungeon Crawl Stone Soup version 0.27.1-33-g824d729ab1 (webtiles) character file.

Game seed: 2141506663211157222

65 halfoni the Chopper (level 4, 0/37 HPs)
             Began as a Human Berserker on Dec 18, 2021.
             Was a Believer of Trog.
             Succumbed to a goblin's poison
             ... on level 2 of the Dungeon.
             The game lasted 00:03:06 (2173 turns).

halfoni the Chopper (Human Berserker)               Turns: 2173, Time: 00:03:07

Health: 0/37       AC: 12    Str: 18    XL:     4   Next: 34%
Magic:  4/4        EV:  6    Int:  7    God:    Trog [**....]
Gold:   70         SH:  0    Dex: 13    Spells: 3/3 levels left

rFire    . . .     SeeInvis .   a - +0 hand axe
rCold    . . .     Faith    .   (no shield)
rNeg     . . .     Spirit   .   f - +1 plate armour
rPois    .         Reflect  .   (no helmet)
rElec    .         Harm     .   (no cloak)
rCorr    .         Rampage  .   (no gloves)
Will     .....                  (no boots)
Stlth    ..........             (no amulet)
HPRegen  0.12/turn              (no ring)
MPRegen  0.09/turn              (no ring)

@: lethally poisoned (0 -> -10)
A: no striking features
a: Renounce Religion, Berserk, Trog's Hand


You were on level 2 of the Dungeon.
You worshipped Trog.
Trog was pleased with you.
You visited 1 branch of the dungeon, and saw 3 of its levels.

You collected 70 gold pieces.

Inventory:

Hand Weapons
 a - a +0 hand axe (weapon)
Armour
 f - a +1 plate armour (worn)
Scrolls
 b - a scroll of teleportation
 i - a scroll of magic mapping
Potions
 c - a potion of magic {unknown}
 d - a potion of haste {unknown}
 e - a potion of brilliance {unknown}


   Skills:
 + Level 3.7 Fighting
 + Level 4.0 Axes
 + Level 2.2 Armour
 + Level 2.1 Dodging


You had 3 spell levels left.
You didn't know any spells.
Your spell library was empty.

Dungeon Overview and Level Annotations

Branches:
Dungeon (3/15)

Altars:


Message History

You feel sick.
You are no longer poisoned.
Found 16 gold pieces.
You see here a scroll of teleportation.
b - a scroll of teleportation The kobold hits you but does no damage.
There is a stone staircase leading up here.
The goblin hits you with a +1 dagger of venom.
You are poisoned.
The kobold hits you but does no damage.
You climb upwards.
You feel very sick.
There is a stone staircase leading down here.
You are too injured to fight recklessly!
You are too injured to fight recklessly!
You are too injured to fight recklessly!
Unknown command.
You hit the kobold.
You kill the kobold!
Trog accepts your kill.
You closely miss the goblin.
You feel sick.
The goblin hits you with a +1 dagger of venom.
You are more poisoned.
You feel sick. The goblin barely misses you.
You see here a +0 dagger.
You feel sick.
The goblin hits you with a +1 dagger of venom.
* * * LOW HITPOINT WARNING * * *
You are lethally poisoned!
There is a stone staircase leading down here.
You hit the goblin.
You kill the goblin!
Trog accepts your kill.
* * * LOW HITPOINT WARNING * * *
You feel very sick.
* * * LOW HITPOINT WARNING * * *
You feel very sick.
Things that are here:
a +1 dagger of venom; a goblin corpse You die...

.....#.###...#.# #.# ....<#.#
#...#.# #.# .....#.# #...#.# #.#
.....#.###.#.#.# #.#
.....#.........# #.#
##'#######.##..# #.# ##'##
#.##..# #.# ....#
####'###.###############.# ....#
#......#>)@..............#
....###......#)######....#######
.............#.# #....#
.............#.# #....#
...........###.# #....#
........######.# #....#
........#......# #....#
........#......# ######
........#......#


There were no monsters in sight!

Vanquished Creatures
  An adder (D:3)
  A worm (D:2)
  2 dart slugs
  5 ball pythons
  3 bats (D:1)
  6 endoplasms
  3 giant cockroaches (D:1)
  4 goblins
  A hobgoblin (D:2)
  2 quokkas (D:1)
  2 frilled lizards
  6 kobolds
  8 rats
44 creatures vanquished.

Vanquished Creatures (others)
  A demonic plant (D:1)
  A fungus (D:1)
  2 plants (D:1)
4 creatures vanquished.

Grand Total: 48 creatures vanquished

Notes
Turn   | Place    | Note
-------+----------+-------------------------------------------
     0 | D:1      | halfoni the Human Berserker began the quest for the Orb.
     0 | D:1      | Reached XP level 1. HP: 18/18 MP: 1/1
   104 | D:1      | Reached XP level 2. HP: 24/24 MP: 2/2
   219 | D:1      | Found a faded altar of an unknown god.
   542 | D:1      | Reached XP level 3. HP: 29/29 MP: 3/3
   545 | D:1      | Reached ** piety under Trog
  1591 | D:2      | Reached XP level 4. HP: 36/36 MP: 4/4
  2152 | D:3      | Reached skill level 4 in Axes
  2173 | D:2      | Succumbed to a goblin's poison

Illustrated notes

Levels and vault maps discovered:
D:1:      noname_arrival_rooms_in_the_neighbourhood, layout_loops_cross,
          shapermc_ecumenical_altar_gd, minmay_box_of_dots
D:2:      layout_basic
D:3:      layout_rooms, nicolae_dithmenos_the_darkroom,
          hellmonk_ghost_happy_afterlife, serial_bayou_pond_e,
          minmay_misc_feat_nine_boxes, uniq_jessica

Skill      XL: |  1  2  3  4 |
---------------+-------------+-----
Axes           | 4 |  4.0
Fighting       | |  3.7
Armour         | |  2.2
Dodging        | |  2.1

Action                   |  1- 3 |  4- 6 || total
-------------------------+-------+-------++-------
Melee: Hand axe          |    98 |    29 ||   127
Invok: Berserk           |     2 |       ||     2
  Use: Scroll            |       |     4 ||     4
Armor: Animal skin       |     5 |       ||     5
       Ring mail         |     8 |       ||     8
       Plate armour      |    31 |    30 ||    61
Dodge: Dodged            |    44 |     7 ||    51
